 Dungeon Crawl Stone Soup version 0.24.1-11-gbbbb2193e6 (webtiles) character file.

Game seed: 9245736404712081999, levelgen mode: deterministic

1813 sking99 the Cleaver (level 9, -2/78 HPs)
             Began as a Hill Orc Fighter on May 15, 2020.
             Was a Believer of Uskayaw.
             Slain by an orc warrior
             ... wielding a +1 battleaxe of electrocution
              (9 damage)
             ... on level 7 of the Dungeon.
             The game lasted 00:12:24 (5687 turns).

sking99 the Cleaver (Hill Orc Fighter)              Turns: 5687, Time: 00:12:24

Health: -2/78      AC: 10    Str: 22    XL:     9   Next: 10%
Magic:  9/12       EV: 13    Int:  8    God:    Uskayaw [**....]
Gold:   401        SH: 10    Dex: 10    Spells: 8/8 levels left

rFire    . . .     SeeInvis .   a - +0 war axe
rCold    . . .     Gourm    .   c - +0 shield
rNeg     . . .     Faith    .   b - +0 scale mail
rPois    .         Spirit   .   r - +0 helmet
rElec    .         Reflect  .   u - scarf {repulsion}
rCorr    .         Harm     .   (no gloves)
MR       .....                  w - +0 pair of boots
Stlth    ..........             k - amulet of regeneration
HPRegen  0.63/turn              o - +5 ring of evasion
MPRegen  0.13/turn              y - +5 ring of slaying

@: repel missiles
A: no striking features
a: Stomp, Line Pass, Renounce Religion


You were on level 7 of the Dungeon.
You worshipped Uskayaw.
Uskayaw was noncommittal.
You were not hungry.

You visited 2 branches of the dungeon, and saw 8 of its levels.

You collected 401 gold pieces.

Inventory:

Hand Weapons
 a - a +0 war axe (weapon)
Armour
 b - a +0 scale mail (worn)
 c - a +0 shield (worn)
 r - a +0 helmet (worn)
 u - a scarf of repulsion (worn)
 w - a +0 pair of boots (worn)
Jewellery
 k - an amulet of regeneration (around neck)
 n - a +3 ring of intelligence
 o - a +5 ring of evasion (left hand)
 y - a +5 ring of slaying (right hand)
Scrolls
 d - a scroll of identify
 e - 6 scrolls of remove curse
 m - 5 scrolls of enchant armour {unknown}
 v - a scroll of enchant weapon {unknown}
 x - a scroll of blinking
 A - 2 scrolls of fear {unknown}
Potions
 g - a potion of flight
 h - 2 potions of ambrosia
 i - 3 potions of heal wounds
 j - 2 potions of lignification
 l - 2 potions of haste
 q - a potion of berserk rage {unknown}
 s - 3 potions of curing
 t - 2 potions of mutation
Comestibles
 f - 8 rations
 p - 3 chunks of flesh


   Skills:
 + Level 6.9 Fighting
 * Level 9.4 Axes
 + Level 6.3 Armour
 + Level 6.2 Shields
 + Level 4.1 Invocations


You had 8 spell levels left.
You didn't know any spells.
Your spell library was empty.

Dungeon Overview and Level Annotations

Branches:
Dungeon (7/15)             Temple (1/1) D:5

Altars:
Ashenzari
Cheibriados
Dithmenos
Elyvilon
Fedhas
Gozag
Hepliaklqana
Kikubaaqudgha
Makhleb
Nemelex Xobeh
Okawaru
Qazlal
Ru
Sif Muna
Trog
Uskayaw
Vehumet
Wu Jian
Xom
Yredelemnul
Zin
The Shining One

Shops:
D:4 (*


Message History

You slash the orc!
You kill the orc!
The orc warrior hits you but does no damage.
You are electrocuted!
* * * LOW HITPOINT WARNING * * *
You stomp with the beat, sending a shockwave through the revelers around you!
The orc warrior is heavily wounded.
You feel somewhat more hungry.
You can no longer pass through a line of other dancers.
You block the orc warrior's attack.
You can now pass through a line of other dancers.
You hit the orc warrior.
The orc warrior is severely wounded.
You closely miss the orc warrior.
The orc warrior is severely wounded.
The orc warrior hits you but does no damage.
You hit the orc warrior.
The orc warrior is almost dead.
The orc warrior hits you with a +1 battleaxe of electrocution!
You die...

. o.. ##+## ...#
##...## .....
##.....##
......##.......##
......#.........#
......'.........+
......#..@......#
#.### ##o)))...##
#.#######†....##
#.#......#...##
#.#.##.#.##'##
#.#.##.#.##.#
#.#.##.#.##.##
#..<.........#
###.##.#.#...#


You could see an orc warrior.

Vanquished Creatures
  Sigmund (D:3)
  An ice beast (D:6)
  2 sky beasts
  A necrophage (D:6)
  7 ogres
  2 bullfrogs (D:6)
  A howler monkey (D:6)
  2 crimson imps
  3 hounds
  An orc priest (D:6)
  Crazy Yiuf (D:6)
  Jessica (D:2)
  An iguana (D:6)
  An orc wizard (D:7)
  2 worker ants
  Robin (D:2)
  4 adders
  A howler monkey skeleton (D:4)
  2 shadow imps (D:6)
  An ooze (D:3)
  3 adder zombies
  2 adder skeletons (D:2)
  2 worms
  2 dart slugs (D:3)
  18 orcs
  A bat zombie (D:2)
  A giant cockroach (D:1)
  14 goblins
  4 hobgoblins
  2 jackals (D:4)
  2 quokkas
  A ball python (D:3)
  2 bats
  5 frilled lizards
  A giant cockroach zombie (D:5)
  4 kobolds
  2 quokka skeletons
  A quokka zombie (D:6)
  7 rats
110 creatures vanquished.

Notes
Turn   | Place    | Note
-------+----------+-------------------------------------------
     0 | D:1      | sking99 the Hill Orc Fighter began the quest for the Orb.
     0 | D:1      | Reached XP level 1. HP: 19/19 MP: 1/1
   278 | D:1      | Reached skill level 3 in Axes
   282 | D:1      | Reached XP level 2. HP: 23/27 MP: 2/2
   602 | D:2      | Noticed Jessica
   607 | D:2      | Killed Jessica
   607 | D:2      | Reached XP level 3. HP: 24/33 MP: 3/3
   764 | D:2      | Reached skill level 4 in Axes
   807 | D:2      | Reached XP level 4. HP: 27/40 MP: 4/4
  1135 | D:2      | Noticed Robin
  1160 | D:2      | Killed Robin
  1494 | D:3      | Noticed Sigmund
  1855 | D:3      | Reached XP level 5. HP: 47/47 MP: 5/5
  2111 | D:3      | Killed Sigmund
  2111 | D:3      | Reached skill level 5 in Axes
  2111 | D:3      | Reached XP level 6. HP: 45/55 MP: 6/6
  2577 | D:4      | Found Soost's General Store.
  2657 | D:4      | Found Momex's Antique Weapon Boutique.
  2681 | D:4      | Reached skill level 5 in Fighting
  2681 | D:4      | Reached skill level 6 in Axes
  3176 | D:5      | Entered Level 5 of the Dungeon
  3483 | D:5      | Reached XP level 7. HP: 22/61 MP: 7/7
  3919 | D:5      | Reached skill level 5 in Armour
  4130 | D:5      | Reached skill level 7 in Axes
  4130 | D:5      | Reached skill level 5 in Shields
  4267 | D:5      | Found a staircase to the Ecumenical Temple.
  4311 | Temple   | Entered the Ecumenical Temple
  4470 | Temple   | Became a worshipper of Uskayaw the Reveler
  4517 | D:5      | Reached * piety under Uskayaw
  4611 | D:6      | Reached skill level 1 in Invocations
  4612 | D:6      | Reached ** piety under Uskayaw
  4617 | D:6      | Reached XP level 8. HP: 52/70 MP: 7/9
  4617 | D:6      | Reached *** piety under Uskayaw
  4812 | D:6      | Reached skill level 8 in Axes
  4983 | D:6      | Found a runed translucent door.
  4984 | D:6      | Noticed Crazy Yiuf
  5385 | D:6      | Reached skill level 9 in Axes
  5389 | D:6      | Found a blossoming altar of Fedhas.
  5585 | D:6      | Killed Crazy Yiuf
  5585 | D:6      | Reached XP level 9. HP: 78/78 MP: 11/11
  5687 | D:7      | Slain by an orc warrior

Levels and vault maps discovered:
D:1:      mushboom_english_gardens, layout_loops_cross
D:2:      layout_basic, serial_undead, serial_undead_d, serial_undead_a,
          serial_undead_b, serial_undead_d, first_ration, uniq_jessica,
          uniq_robin
D:3:      layout_loops_ring, uniq_sigmund
D:4:      layout_loops_ring, serial_shops, nicolae_shop_statue_plus, shop,
          kennysheep_generic_room_4
D:5:      layout_cave_pods, minmay_temple_entry_enclosed_plants,
          eino_tiny_chamber, nrook_pool_corridor, kennysheep_generic_room_8
D:6:      minmay_chambers_of_sixes, layout_loops_corners, lemuel_doored_altar,
          uniq_crazy_yiuf_cottage
D:7:      layout_loops_corners, gammafunk_ghost_cemetery, uniq_menkaure
Temple:   kilobyte_greek_temple

Skill      XL: |  1  2  3  4  5  6  7  8  9 |
---------------+----------------------------+-----
Axes           | 3 4 5 6 7 9 |  9.4
Fighting       | 4 5 6 |  6.9
Armour         | 4 5 6 |  6.3
Shields        | 4 5 6 |  6.2
Invocations    | 1 3 4 |  4.1

Action                   |  1- 3 |  4- 6 |  7- 9 || total
-------------------------+-------+-------+-------++-------
Melee: War axe           |    57 |   168 |   164 ||   389
Invok: Stomp             |       |       |     1 ||     1
  Use: Potion            |       |     4 |     1 ||     5
       Scroll            |       |     9 |     2 ||    11
 Stab: Paralysed         |       |       |     1 ||     1
  Eat: Chunk             |       |     8 |     8 ||    16
Armor: Scale mail        |    33 |    70 |    55 ||   158
Dodge: Dodged            |    31 |    41 |    59 ||   131
Block: Shield            |    37 |    85 |    61 ||   183
